 Dungeon Crawl Stone Soup version 0.26.0-10-g1f06aea511 (webtiles) character file.

Game seed: 14721546385845881733

14285 Borgoz the Cleaver (level 12, -8/112 HPs)
             Began as a Hill Orc Fighter on Jan 18, 2021.
             Was a Believer of Ashenzari.
             Mangled by an ice devil (10 damage)
             ... in an ice cave.
             The game lasted 00:19:02 (12646 turns).

Borgoz the Cleaver (Hill Orc Fighter)              Turns: 12646, Time: 00:19:03

Health: -8/112     AC: 16    Str: 20    XL:     12   Next: 14%
Magic:  12/12      EV: 13    Int:  8    God:    Ashenzari [**....]
Gold:   706        SH: 12    Dex: 20    Spells: 11/11 levels left

rFire    . . .     SeeInvis +   K - +0 broad axe (drain)
rCold    + . .     Faith    .   c - +0 kite shield
rNeg     . . .     Spirit   .   f - +0 scale mail
rPois    .         Reflect  .   s - +1 helmet
rElec    .         Harm     .   B - +0 cloak {rC+}
rCorr    .         Rampage  .   d - +0 pair of gloves {archery}
Will     .....                  w - +0 pair of boots
Stlth    ..........             F - amulet of regeneration
HPRegen  0.68/turn              q - ring of see invisible
MPRegen  0.13/turn              y - +6 ring of dexterity

@: no status effects
A: no striking features
a: Renounce Religion, Curse Item, Scrying


You were in an ice cave.
You worshipped Ashenzari.
Ashenzari was pleased with you.
You visited 2 branches of the dungeon, and saw 13 of its levels.
You also visited: Sewer and Ice Cave.

You collected 706 gold pieces.

Inventory:

Hand Weapons
 a - a +1 war axe of venom
 b - a +0 morningstar
 K - a +0 broad axe of draining (weapon)
Missiles
 r - a throwing net (quivered)
Armour
 c - a +0 kite shield (worn)
 d - a +0 pair of gloves of archery (worn)
 f - a +0 scale mail (worn)
 k - the +1 cloak of a volcano {Dex+4}
   (You found it on level 4 of the Dungeon)

   It affects your dexterity (+4).
 s - a +1 helmet (worn)
 w - a +0 pair of boots (worn)
 B - a +0 cloak of cold resistance (worn)
 L - the cursed -2 hat "Ycrawami" {-Cast Int+5}
   (You found it on level 10 of the Dungeon)

   It affects your intelligence (+5).
   It prevents spellcasting.
   It has a curse placed upon it.
Jewellery
 o - an uncursed amulet of reflection
 q - a ring of see invisible (left hand)
 y - a +6 ring of dexterity (right hand)
 F - an amulet of regeneration (around neck)
Wands
 t - a wand of digging (6)
 D - a wand of flame (54)
 E - a wand of paralysis (16)
 H - a wand of disintegration (12)
 J - a wand of iceblast (15)
Scrolls
 e - 2 scrolls of fear
 g - 2 scrolls of amnesia {unknown}
 h - a scroll of immolation {unknown}
 i - 3 scrolls of remove curse
 j - 7 scrolls of magic mapping
 l - 3 scrolls of teleportation {unknown}
 n - 2 scrolls of fog {unknown}
 x - 3 scrolls of blinking
 A - 2 scrolls of random uselessness {unknown}
 M - a scroll of brand weapon {unknown}
Potions
 m - 2 potions of lignification
 p - 5 potions of mutation
 u - 3 potions of curing
 v - a potion of cancellation
 z - 2 potions of ambrosia {unknown}
 C - a potion of haste
 G - 2 potions of brilliance {unknown}
 I - a potion of flight {unknown}
 O - a potion of attraction {unknown}


   Skills:
 * Level 12.0 Fighting
 * Level 12.6 Axes
 * Level 11.1 Armour
 + Level 5.6 Dodging
 + Level 8.2 Shields


You had 11 spell levels left.
You didn't know any spells.
Your spell library contained the following spells:

 Spells                   Type           Power        Failure   Level
 Animate Skeleton         Necr           0%           94%         1
 Apportation              Tloc           0%           94%         1
 Beastly Appendage        Tmut           0%           94%         1
 Corona                   Hex            0%           94%         1
 Summon Small Mammal      Summ           0%           94%         1
 Wereblood                Tmut           0%           98%         2
 Spider Form              Tmut/Pois      0%           100%        3
 Ice Form                 Ice/Tmut       0%           100%        4
 Blade Hands              Tmut           0%           100%        5


Dungeon Overview and Level Annotations

Branches:
Dungeon (12/15)            Temple (1/1) D:7            Lair (0/6) D:8
    Orc (0/2) D:12          Sewer (visited)           IceCv (1/1)

Altars:
Ashenzari
Cheibriados
Dithmenos
Elyvilon
Fedhas
Gozag
Hepliaklqana
Kikubaaqudgha
Makhleb
Nemelex Xobeh
Okawaru
Qazlal
Ru
Sif Muna
Trog
Uskayaw
Vehumet
Wu Jian
Xom
Yredelemnul
Zin
The Shining One

Shops:
D:9 :   D:10 (=[(

Annotations:
D:12 Azrael


Message History

The ice devil hits you. The ice devil freezes you! You resist.
* * * LOW HITPOINT WARNING * * *
The ice devil hits you!
* * * LOW HITPOINT WARNING * * *
The ice devil freezes you. You resist.
* * * LOW HITPOINT WARNING * * *
Okay, then.
Okay, then.
You feel better. The ice devil hits you.
* * * LOW HITPOINT WARNING * * *
The ice devil freezes you! You resist.
* * * LOW HITPOINT WARNING * * *
The ice devil hits you but does no damage.
You slash the ice devil!
The ice devil is almost dead.
You hit the ice devil. You block the ice devil's attack.
The ice devil hits you.
* * * LOW HITPOINT WARNING * * *
The ice devil freezes you! You resist.
You die...

##... * ##..... ≈≈
####.....#
###..#...§§# * *
##.....###°°# ,
##.........○.# ,
#.......##§§..○○# ,
##....44°##☼○.○..
##....@§§#...○§. ,*
##....§§####..# , *
###.§§☼§§§○§## ,
###§§○§°☼☼.§ ≈
##☼°☼§.°☼# #
###§§§###### ###
##.§§### ####..
##..§###########.....
##...##...##.........#


You could see 2 ice devils.

Vanquished Creatures
  The ghost of Hyawatha the Cleaver, a journeyman MiBe of Trog (D:11)
  A two-headed ogre (D:10)
  An unseen horror (D:10)
  Pikel (D:4)
  2 ice statues (IceCv)
  A queen bee (D:11)
  6 ice devils (IceCv)
  A hornet (D:11)
  Grinder (D:4)
  6 yaks (D:12)
  2 wyverns
  A wraith (D:10)
  2 basilisks (D:8)
  3 water moccasins (D:8)
  A sky beast (D:7)
  13 ice beasts
  4 black bears
  4 phantoms
  A necrophage (D:9)
  7 orc warriors
  7 ogres
  3 wolves (D:8)
  4 centaurs
  A lemure (D:4)
  6 big kobolds
  3 bullfrogs
  3 scorpions
  A wyvern skeleton (D:10)
  A water moccasin skeleton (D:5)
  4 wights (D:9)
  A troll skeleton (D:10)
  16 killer bees
  2 howler monkeys (D:7)
  A crimson imp (D:9)
  A bullfrog zombie (D:5)
  5 spriggan skeletons (D:10)
  A quasit (D:9)
  4 hounds
  6 orc priests
  A jelly (D:5)
  10 orc wizards
  Crazy Yiuf (D:6)
  Jessica (D:2)
  Ijyb (D:4)
  4 iguanas
  5 worker ants
  2 hound zombies
  A hound skeleton (D:10)
  Robin (D:3)
  14 adders
  A shadow imp (D:9)
  6 white imps
  7 ufetubi
  11 oozes
  An adder skeleton (D:9)
  4 worms
  3 dart slugs
  11 leopard geckos
  38 orcs
  15 giant cockroaches
  8 goblins (D:3)
  15 hobgoblins
  9 jackals
  4 quokkas
  20 ball pythons
  2 bats (D:2)
  8 frilled lizards
  26 kobolds
  A quokka skeleton (D:6)
  4 rats
364 creatures vanquished.

Vanquished Creatures (others)
  A white imp (IceCv)
  7 ufetubi (IceCv)
  2 kobolds
  3 fungi (D:8)
  13 plants
26 creatures vanquished.

Grand Total: 390 creatures vanquished

Notes
Turn   | Place    | Note
-------+----------+-------------------------------------------
     0 | D:1      | Borgoz the Hill Orc Fighter began the quest for the Orb.
     0 | D:1      | Reached XP level 1. HP: 19/19 MP: 1/1
   264 | D:1      | Reached XP level 2. HP: 27/27 MP: 2/2
   889 | D:2      | Reached XP level 3. HP: 33/33 MP: 3/3
  1052 | D:2      | Noticed Jessica
  1064 | D:2      | Killed Jessica
  1065 | D:2      | Reached XP level 4. HP: 10/40 MP: 4/4
  1311 | D:2      | Found a glowing golden altar of the Shining One.
  1928 | D:3      | Noticed Robin
  1947 | D:3      | Killed Robin
  2197 | D:3      | Reached skill level 1 in Dodging
  2202 | D:3      | Reached XP level 5. HP: 41/47 MP: 5/5
  2538 | D:3      | Found a snail-covered altar of Cheibriados.
  2608 | D:3      | Found a shimmering blue altar of Sif Muna.
  2872 | D:4      | Got a dazzling cloak
  2883 | D:4      | Identified the +1 cloak of a volcano {Dex+4} (You found it
                  | on level 4 of the Dungeon)
  2969 | D:4      | Noticed an ogre
  2978 | D:4      | Killed an ogre
  2979 | D:4      | Reached skill level 5 in Fighting
  2979 | D:4      | Reached XP level 6. HP: 32/56 MP: 6/6
  3241 | D:4      | Noticed Ijyb
  3252 | D:4      | Killed Ijyb
  3309 | D:4      | Noticed a phantom
  3342 | D:4      | Killed a phantom
  3343 | D:4      | Reached skill level 5 in Axes
  3484 | D:4      | Noticed Grinder
  3484 | D:4      | Paralysed by Grinder for 2 turns
  3488 | D:4      | Noticed Pikel
  3498 | D:4      | Paralysed by Grinder for 3 turns
  3505 | D:4      | Killed Pikel
  3506 | D:4      | Reached skill level 5 in Armour
  3506 | D:4      | Reached XP level 7. HP: 23/63 MP: 7/7
  3511 | D:4      | Killed Grinder
  3512 | D:4      | Reached XP level 8. HP: 46/71 MP: 8/8
  4018 | D:5      | Entered Level 5 of the Dungeon
  4076 | D:5      | Found a glowing drain.
  4086 | Sewer    | Entered a sewer
  4336 | Sewer    | Reached skill level 5 in Shields
  4946 | D:5      | Reached XP level 9. HP: 68/79 MP: 9/9
  5665 | D:6      | Found a runed translucent door.
  5666 | D:6      | Noticed Crazy Yiuf
  5903 | D:6      | Found an iron altar of Okawaru.
  5903 | D:6      | Found an opulent altar of Gozag.
  6226 | D:6      | Killed Crazy Yiuf
  6691 | D:7      | Reached XP level 10. HP: 80/91 MP: 10/10
  6874 | D:7      | Found a radiant altar of Vehumet.
  6875 | D:7      | Found a blossoming altar of Fedhas.
  6875 | D:7      | Found a stormy altar of Qazlal.
  6875 | D:7      | Found an ornate altar of the Wu Jian Council.
  6888 | D:7      | Found a sparkling altar of Nemelex Xobeh.
  6888 | D:7      | Found a sacrificial altar of Ru.
  6982 | D:7      | Found a staircase to the Ecumenical Temple.
  7125 | Temple   | Entered the Ecumenical Temple
  7259 | Temple   | Became a worshipper of Ashenzari the Shackled
  8087 | D:8      | Found a staircase to the Lair.
  8098 | D:8      | Reached skill level 10 in Axes
  8692 | D:8      | Reached skill level 10 in Fighting
  9239 | D:9      | Reached * piety under Ashenzari
  9375 | D:9      | Found a burning altar of Makhleb.
  9375 | D:9      | Found a shimmering altar of Xom.
  9386 | D:9      | Found Quiriocu's Book Shop.
  9498 | D:9      | Found a shimmering blue altar of Sif Muna.
  9694 | D:10     | Entered Level 10 of the Dungeon
  9697 | D:10     | Found Mavaasih's Jewellery Boutique.
  9733 | D:10     | Reached XP level 11. HP: 73/101 MP: 11/11
  9942 | D:10     | Found Maekku Cusm's Antique Armour Boutique.
 10293 | D:10     | Got the cursed hat "Ycrawami" {-Cast Int+5}
 10353 | D:10     | Noticed a two-headed ogre
 10357 | D:10     | Killed a two-headed ogre
 10421 | D:10     | Found Fegeu's Antique Weapon Shop.
 10535 | D:10     | Found Cenaraeg's Weapon Shop.
 10861 | D:10     | Reached skill level 10 in Armour
 10979 | D:10     | Noticed an unseen horror
 10994 | D:10     | Killed an unseen horror
 11249 | D:11     | Found a transporter.
 11251 | D:11     | Found a transporter.
 11283 | D:11     | Reached skill level 5 in Dodging
 11388 | D:11     | Noticed Hyawatha's ghost (journeyman MiBe)
 11794 | D:11     | Killed Hyawatha's ghost
 12031 | D:12     | Reached ** piety under Ashenzari
 12031 | D:12     | Noticed Azrael
 12153 | D:12     | Found a frozen archway.
 12194 | IceCv    | Entered an ice cave
 12371 | IceCv    | Reached XP level 12. HP: 111/111 MP: 12/12
 12645 | IceCv    | HP: 5/112 [ice devil (11)]
 12646 | IceCv    | HP: 2/112 [ice devil (4)]
 12646 | IceCv    | Mangled by an ice devil

Illustrated notes

Levels and vault maps discovered:
D:1:      lightli_arrival_flooded_house, layout_basic
D:2:      layout_basic, nicolae_tso_carved_into_rock, uniq_jessica
D:3:      layout_basic, kennysheep_slug_shrine, lemuel_blue_sif_altar,
          uniq_robin
D:4:      layout_basic, uniq_pikel, uniq_grinder, uniq_ijyb
D:5:      minmay_evil_eye, layout_basic, portal_sewer_entry_d,
          minmay_misc_feat_hallway
D:6:      layout_loops_ring, nicolae_overflow_hidden_temple,
          uniq_crazy_yiuf_cottage
D:7:      layout_layer_cave, minmay_overflow_temple_hex,
          minmay_temple_entry_statues_pillars, minmay_misc_feat_ornament
D:8:      layout_cave_pools, minmay_lair_entry_grove
D:9:      kennysheep_orc_sif_temple, layout_cave_pools,
          grunt_temple_overflow_champion_of_chaos, serial_shops,
          nicolae_shop_window_shopping
D:10:     layout_gridville, serial_shops, nicolae_shop_overgrown_old_shop,
          shop_statue, nicolae_shop_crystal, shop_statue,
          grunt_decor_mini_mirrors, moated_statue, serial_bayou_pond_a,
          hangedman_tell_no_tales
D:11:     layout_roguey, gammafunk_ghost_hive, amcnicky_mini_pool_small
D:12:     layout_rooms, david_orc_3, special_room [special_room_orc],
          portal_ice_cave_entry_ice_beasts, uniq_azrael
Temple:   jpeg_temple_clearing
IceCv:    ice_cave_small_demon

Skill      XL: |  1  2  3  4  5  6  7  8  9 10 11 12 |
---------------+-------------------------------------+-----
Axes           | 3 4 6 7 9 10 12 | 12.6
Fighting       | 4 5 6 7 9 10 11 12 | 12.0
Armour         | 4 5 6 8 9 10 11 | 11.1
Dodging        | 1 2 3 4 5 |  5.6
Shields        | 4 5 6 7 8 |  8.2

Action                   |  1- 3 |  4- 6 |  7- 9 | 10-12 || total
-------------------------+-------+-------+-------+-------++-------
Melee: War axe           |    63 |   154 |   411 |   228 ||   856
       Broad axe         |       |       |       |   342 ||   342
  Use: Scroll            |       |     5 |     4 |     4 ||    13
       Potion            |       |       |     1 |    10 ||    11
 Stab: Invisible         |       |       |       |     8 ||     8
Armor: Scale mail        |    19 |    56 |   109 |   178 ||   362
Dodge: Dodged            |    26 |    35 |    97 |   214 ||   372
Block: Kite shield       |    29 |   120 |   340 |   471 ||   960
       Reflection        |       |       |     8 |    29 ||    37
